 Dungeon Crawl Stone Soup version 0.19.0-22-gd96e5fe (console) character file.

7402 nht the Cleaver (level 10, 0/83 HPs)
             Began as a Minotaur Hunter on Nov 18, 2016.
             Was an Elder of Okawaru.
             Succumbed to a killer bee's poison
             ... on level 9 of the Dungeon.
             The game lasted 00:17:30 (6807 turns).

nht the Cleaver (Minotaur Hunter)                   Turns: 6807, Time: 00:17:31

Health: 0/83       AC: 14    Str: 19    XL:     10   Next: 92%
Magic:  9/9        EV: 10    Int:  8    God:    Okawaru [****..]
Gold:   529        SH:  0    Dex: 12    Spells: 0 memorised, 9 levels left

rFire  . . .     SeeInvis .     b - +0 hand axe (elec)
rCold  . . .     Gourm    .     y - +0 plate armour (curse)
rNeg   . . .     Faith    .     (no shield)
rPois  .         Spirit   .     (helmet restricted)
rElec  .         Reflect  .     c - +0 cloak
rCorr  .         Harm     .     h - +0 pair of gloves
MR     .....                    (no boots)
Stlth  ..........               (no amulet)
                                (no ring)
                                l - +3 ring of evasion

@: lethally poisoned (0 -> -15)
A: retaliatory headbutt, horns 2
a: Heroism, Renounce Religion


You were on level 9 of the Dungeon.
You worshipped Okawaru.
Okawaru was greatly pleased with you.
You were not hungry.

You visited 1 branch of the dungeon, and saw 9 of its levels.

You collected 529 gold pieces.

Inventory:

Hand Weapons
 a - a +1 hand crossbow
 b - a +0 hand axe of electrocution (weapon)
Missiles
 d - 69 bolts
Armour
 c - a +0 cloak (worn)
 h - a +0 pair of gloves (worn)
 i - a +3 leather armour of cold resistance
 y - a cursed +0 plate armour (worn)
Jewellery
 l - a +3 ring of evasion (left hand)
Wands
 n - a wand of digging (6/24)
 p - a wand of confusion (12/48)
 q - a wand of digging (12/24)
 r - a wand of disintegration (14/24)
 s - a wand of lightning (7/15)
 u - a wand of lightning (0/15)
 x - a wand of confusion (34/48)
 A - a wand of random effects (4/48)
Scrolls
 e - 2 scrolls of enchant weapon
 o - 2 scrolls of teleportation
 w - 3 scrolls of remove curse
Comestibles
 f - 6 bread rations
 g - 16 chunks of flesh
 j - a royal jelly
 k - a beef jerky
 m - 2 meat rations
 v - 3 fruits


   Skills:
 + Level 5.8 Fighting
 - Level 14.1 Axes
 * Level 10.4 Crossbows
 + Level 4.4 Armour
 + Level 5.2 Dodging
 - Level 0.7 Stealth


You had 9 spell levels left.
You didn't know any spells.

Dungeon Overview and Level Annotations

Branches:
Dungeon (9/15)             Temple (0/1) D:7            Lair (0/6) D:8
    Orc (0/2) D:9

Altars:
Ashenzari
Dithmenos
Fedhas
Gozag
Hepliaklqana
Kikubaaqudgha
Okawaru
Qazlal
Xom
Zin
The Shining One

Shops:
D:7 (


Innate Abilities, Weirdness & Mutations

You reflexively headbutt those who attack you in melee.
You have a pair of horns on your head.


Message History

Okawaru accepts your kill.
* * * LOW HITPOINT WARNING * * *
You feel sick.
* * * LOW HITPOINT WARNING * * *
You feel sick.
You see here a dagger.
* * * LOW HITPOINT WARNING * * *
You feel very sick.
* * * LOW HITPOINT WARNING * * *
You feel sick.
You open the door.
* * * LOW HITPOINT WARNING * * *
You feel sick.
As you close the door, it creaks loudly!
* * * LOW HITPOINT WARNING * * *
You feel sick.
Okay, then.
* * * LOW HITPOINT WARNING * * *
You feel sick.
You die...

⌠..⌠) █.█...█......█
....l██.█...█......█
█Zh█.█...█......█
██o█.█...█......█
███)█...█.....█
█████████)█...███+███
.........[....█.....█
.........>....████)██
██............█$@...█
.█............████.██
.█............██§+..█
.█..█'█████.██████%%█
██..█.....███


████ ....█........ ....█........ ███.█........ █.█....[... There were no
monsters in sight!

Vanquished Creatures
  Erica (D:8)
  Joseph (D:8)
  The ghost of Vajrapani the Ruffian, an amateur DrTm (D:4)
  Prince Ribbit (D:7)
  3 hippogriffs
  A spriggan (D:9)
  8 yaks (D:8)
  A basilisk (D:8)
  2 ice beasts
  4 porcupines (D:8)
  2 orc warriors
  6 ogres
  5 centaurs
  2 crocodiles (D:8)
  A big kobold (D:8)
  8 bullfrogs
  6 scorpions
  5 killer bees (D:9)
  3 crimson imps
  A jelly (D:7)
  A centaur zombie (D:5)
  6 orc priests
  Crazy Yiuf (D:2)
  A bullfrog skeleton (D:8)
  A hound (D:4)
  9 orc wizards
  A centaur skeleton (D:4)
  Terence (D:2)
  An iguana (D:8)
  4 worker ants
  A killer bee zombie (D:8)
  A hound skeleton (D:6)
  9 adders
  A gnoll (D:1)
  7 river rats (D:8)
  3 shadow imps
  3 oozes
  2 adder skeletons
  2 worms
  3 dart slugs
  2 leopard geckos
  30 orcs
  A ball python (D:2)
  6 giant cockroaches
  5 goblins
  5 hobgoblins
  10 jackals
  6 quokkas
  2 bats (D:3)
  3 frilled lizards
  5 kobolds
  5 rats
200 creatures vanquished.

Vanquished Creatures (others)
  2 bushes (D:8)
  2 plants (D:8)
4 creatures vanquished.

Grand Total: 204 creatures vanquished

Notes
Turn   | Place    | Note
-------+----------+-------------------------------------------
     0 | D:1      | nht the Minotaur Hunter began the quest for the Orb.
     0 | D:1      | Reached XP level 1. HP: 18/18 MP: 0/0
   475 | D:1      | Reached skill level 5 in Crossbows
   475 | D:1      | Reached XP level 2. HP: 24/25 MP: 1/1
   800 | D:2      | Noticed Terence
   806 | D:2      | Killed Terence
   806 | D:2      | Reached XP level 3. HP: 26/30 MP: 2/2
   848 | D:2      | Found a runed door.
   852 | D:2      | Noticed Crazy Yiuf
   857 | D:2      | Killed Crazy Yiuf
   857 | D:2      | Reached XP level 4. HP: 36/37 MP: 3/3
  1170 | D:2      | Found a shadowy altar of Dithmenos.
  1397 | D:3      | Found an ancient bone altar of Kikubaaqudgha.
  1575 | D:3      | Reached XP level 5. HP: 34/42 MP: 4/4
  2356 | D:4      | Found a stormy altar of Qazlal.
  2452 | D:4      | Noticed a hippogriff
  2455 | D:4      | Noticed Vajrapani's ghost (amateur DrTm)
  2467 | D:4      | Killed a hippogriff
  2467 | D:4      | Reached XP level 6. HP: 33/50 MP: 5/5
  2477 | D:4      | Killed Vajrapani's ghost
  2477 | D:4      | Reached XP level 7. HP: 53/56 MP: 6/6
  2592 | D:4      | Found a blossoming altar of Fedhas.
  2635 | D:4      | Found a hazy altar of Hepliaklqana.
  2886 | D:4      | Reached skill level 10 in Crossbows
  3088 | D:5      | Entered Level 5 of the Dungeon
  3128 | D:5      | Found a shattered altar of Ashenzari.
  3227 | D:5      | Reached skill level 1 in Armour
  3416 | D:5      | Reached XP level 8. HP: 31/66 MP: 7/7
  3886 | D:6      | Reached skill level 5 in Fighting
  4143 | D:6      | Reached skill level 2 in Axes
  4190 | D:6      | Reached skill level 3 in Axes
  4224 | D:6      | Found a shimmering altar of Xom.
  4224 | D:6      | Found an iron altar of Okawaru.
  4225 | D:6      | Found a glowing golden altar of the Shining One.
  4234 | D:6      | Became a worshipper of Warmaster Okawaru
  4306 | D:6      | Reached skill level 4 in Axes
  4544 | D:6      | Reached skill level 5 in Axes
  4818 | D:7      | Found a staircase to the Ecumenical Temple.
  4881 | D:7      | Reached XP level 9. HP: 68/74 MP: 8/8
  4882 | D:7      | Noticed Prince Ribbit
  4906 | D:7      | Reached skill level 6 in Axes
  4922 | D:7      | Reached * piety under Okawaru
  4924 | D:7      | Killed Prince Ribbit
  4924 | D:7      | Reached skill level 7 in Axes
  5039 | D:7      | Reached skill level 8 in Axes
  5267 | D:7      | Reached skill level 9 in Axes
  5269 | D:7      | Reached ** piety under Okawaru
  5276 | D:7      | Found Ifutepac's Antique Weapon Emporium.
  5331 | D:7      | Reached skill level 10 in Axes
  5435 | D:8      | Noticed Joseph
  5457 | D:8      | Killed Joseph
  5497 | D:8      | Reached skill level 11 in Axes
  5626 | D:8      | Reached XP level 10. HP: 69/81 MP: 6/9
  5639 | D:8      | Reached *** piety under Okawaru
  5645 | D:8      | Reached skill level 12 in Axes
  5662 | D:8      | Received a gift from Okawaru
  5679 | D:8      | Reached skill level 13 in Axes
  5710 | D:8      | Received a gift from Okawaru
  5981 | D:8      | Noticed Erica
  5994 | D:8      | Killed Erica
  5994 | D:8      | Reached skill level 14 in Axes
  6206 | D:8      | Found a staircase to the Lair.
  6230 | D:8      | Reached **** piety under Okawaru
  6481 | D:8      | Found a glowing silver altar of Zin.
  6481 | D:8      | Found an opulent altar of Gozag.
  6683 | D:9      | Reached skill level 5 in Dodging
  6738 | D:9      | Found a staircase to the Orcish Mines.
  6804 | D:9      | HP: 4/83 [poisoned by a killer bee]
  6806 | D:9      | HP: 1/83 [poisoned by a killer bee]
  6807 | D:9      | Succumbed to a killer bee's poison

Skill      XL: |  1  2  3  4  5  6  7  8  9 10 |
---------------+-------------------------------+-----
Crossbows      | 5 6 7 8 9 10 | 10.4
Fighting       | 3 5 |  5.8
Armour         | 2 4 |  4.4
Dodging        | 3 4 5 |  5.2
Axes           | 5 11 14 | 14.1
Stealth        | |  0.7

Action                   |  1- 3 |  4- 6 |  7- 9 | 10-12 || total
-------------------------+-------+-------+-------+-------++-------
Melee: Mace              |       |    30 |   124 |       ||   154
       Headbutt          |       |     3 |    56 |    24 ||    83
       Hand axe          |       |       |   168 |   142 ||   310
       Punch             |       |       |       |     2 ||     2
 Fire: Hand crossbow     |    33 |    83 |    19 |     1 ||   136
Invok: Heroism           |       |       |     2 |     3 ||     5
Evoke: Wand              |       |       |     1 |    10 ||    11
  Use: Scroll            |     2 |     4 |     8 |     3 ||    17
       Potion            |       |     3 |    12 |     4 ||    19
  Eat: Chunk             |       |     5 |    10 |     4 ||    19
Armor: Chain mail        |     1 |    27 |       |       ||    28
       Plate armour      |       |    18 |   159 |    50 ||   227
       Skin              |       |       |    26 |       ||    26
Dodge: Dodged            |     6 |    28 |   157 |    45 ||   236
